 Seeded DCSS version 0.27-a0-1230-gfc7c993 (webtiles) character file.

Game seed: 3375557939289291370 (custom seed)

1 AmazingTV the Ducker (level 1, 0/11 HPs)
             Began as a Spriggan Abyssal Knight on June 8, 2021.
             Was an Initiate of Lugonu.
             Slain by a quokka (1 damage)
             ... on level 1 of the Dungeon.
             The game lasted 00:04:40 (761 turns).

AmazingTV the Ducker (Spriggan Abyssal Knight)       Turns: 761, Time: 00:04:40

Health: 0/11       AC:  2    Str:  8    XL:     1   Next: 16%
Magic:  3/3        EV: 17    Int: 13    God:    Lugonu [......]
Gold:   31         SH:  0    Dex: 14    Spells: 0/0 levels left

rFire    . . .     SeeInvis +   a - +0 dagger
rCold    . . .     Faith    .   (shield restricted)
rNeg     . . .     Spirit   .   b - +0 robe
rPois    .         Reflect  .   (helmet restricted)
rElec    .         Harm     .   (no cloak)
rCorr    .         Rampage  .   (gloves unavailable)
Will     .....                  (boots unavailable)
Stlth    ++........             (no amulet)
HPRegen  0.03/turn              (no ring)
MPRegen  0.08/turn              (no ring)

@: very quick
A: very small, no large weapons, unfitting armour, see invisible, speed 3
a: Renounce Religion


You were on level 1 of the Dungeon.
You worshipped Lugonu.
Lugonu was noncommittal.
You visited 1 branch of the dungeon, and saw 1 of its levels.
You visited the Abyss 1 time.

You collected 31 gold pieces.

Inventory:

Hand Weapons
 a - a +0 dagger (weapon)
 d - a +1 hand axe
Missiles
 c - 11 stones (quivered)
 e - 9 sling bullets
Armour
 b - a +0 robe (worn)


   Skills:
 - Level 2.4 Fighting
 + Level 0.1 Short Blades
 - Level 1.5 Axes
 - Level 3.2 Dodging
 + Level 0.6 Stealth
 - Level 1.7 Invocations


You couldn't memorise any spells.
You didn't know any spells.
Your spell library was empty.

Dungeon Overview and Level Annotations

Branches:
Dungeon (1/15)

Altars:


Innate Abilities, Weirdness & Mutations

You are very small and have problems with some larger weapons.
You are too small for most types of armour.
You have supernaturally acute eyesight. (SInv)
You cover ground extremely quickly. (Speed+++)


Message History

You close the door.
A quokka comes into view.
The quokka closely misses you.
You closely miss the quokka. The quokka bites you.
You hit the quokka.
The quokka is moderately wounded.
The quokka misses you.
You hit the quokka.
The quokka is heavily wounded.
The quokka bites you.
You closely miss the quokka.
The quokka is heavily wounded.
The quokka bites you.
* * * LOW HITPOINT WARNING * * *
The quokka barely misses you.
You hit the quokka.
The quokka is severely wounded.
The quokka completely misses you.
You completely miss the quokka.
The quokka is severely wounded.
A goblin opens the door.
The quokka bites you but does no damage.
You hit the quokka but do no damage.
The quokka is severely wounded.
The quokka closely misses you.
You hit the quokka.
The quokka is almost dead.
The quokka bites you.
* * * LOW HITPOINT WARNING * * *
You barely miss the quokka.
The quokka is almost dead.
The quokka closely misses you.
The quokka bites you but does no damage.
You closely miss the quokka.
The quokka is almost dead.
The quokka misses you.
You closely miss the quokka.
The quokka is almost dead.
The quokka bites you.
You die...

##.......##(#........##
#.........#.#.........#
#.........'.'.........#
#.........#.#g........#
##.......##.##.......##
###...####'###..g.###
#+#####...#####'#
##...r...###.##
#...@.(...#...#
+...g<....+...#
#.........#...#
##.......###.##
###...#####.#
..#####'#####..#
#.............##
###############


You could see a quokka and a goblin.

Vanquished Creatures
  An endoplasm (D:1)
1 creature vanquished.

Notes
Turn   | Place    | Note
-------+----------+-------------------------------------------
     0 | Abyss:1  | AmazingTV the Spriggan Abyssal Knight began the quest for
                  | the Orb.
     0 | Abyss:1  | Reached XP level 1. HP: 11/11 MP: 3/3
   111 | Abyss:1  | Noticed a small abomination
   114 | Abyss:1  | Noticed a ynoxinul
   125 | Abyss:1  | Noticed a wraith
   140 | Abyss:1  | Noticed a phantasmal warrior
   184 | Abyss:1  | Noticed a worldbinder
   208 | Abyss:1  | Noticed an iron imp
   231 | Abyss:1  | Noticed a guardian serpent
   232 | Abyss:1  | Noticed a neqoxec
   242 | Abyss:1  | Noticed a large abomination
   259 | D:1      | Escaped the Abyss
   761 | D:1      | Slain by a quokka

Illustrated notes

Levels and vault maps discovered:
D:1:      dpeg_arrival_three_smaller_balls, layout_rooms,
          hellmonk_ecumenical_altar_prayer_group, minmay_split_cup_large

Action                   || total
-------------------------++-------
Melee: Dagger            ||    19
Throw: Stone             ||    10
Invok: Depart the Abyss  ||     1
 Stab: Sleeping          ||     1
Armor: Robe              ||     3
Dodge: Dodged            ||    12

Table legend: (Time is in decaauts)
 A = Elapsed time spent in this place.
 B = Non-inter-level travel time spent in this place.
 C = Inter-level travel time spent in this place.
 D = Time resting spent in this place.
 E = Time spent auto-exploring this place.
 F = Levels seen in this place.
 G = Mean time per level.
                   A        B        C        D        E       F      G
               +--------+--------+--------+--------+--------+-----+--------+
         Total |    616 |    604 |     12 |    348 |     60 |   2 |  308.0 |
       Dungeon |    456 |    444 |     12 |    338 |      0 |   1 |  456.0 |
         Abyss |    159 |    159 |      0 |     10 |     60 |   1 |  159.0 |
               +--------+--------+--------+--------+--------+-----+--------+

Top non-repeatable levels by time:
     D:1: 456 daAuts
 Abyss:1: 159 daAuts
